Map: Dusk Towers

Players

Jason - Winner!

  • Race: Terran Terran
  • League: Grandmaster

Bioice

  • Race: Zerg Zerg
  • League: Grandmaster

VOD

Have the link to the VOD?

Description

Time

  • Played on: Jan. 12, 2016, 7:27 p.m.
  • Length: 10:52
Show
View Real Time Build Order
Export as new Build Order

Jason Terran - Winner!

Build Orders: Liberator Opening, Reaper Expand, MMM Bio 

Get SALT Encoding   

  12  0:01  SCV  
  13  0:13  SCV  
  14  0:17  Supply Depot  
  14  0:25  SCV  
  15  0:39  SCV  
  15  0:40  Barracks  
  16  0:44  Refinery  
  16  0:51  SCV  
  17  1:03  SCV  
  18  1:15  SCV  
  19  1:28  Orbital Command  
  19  1:29  Reaper  
  20  1:44  Command Center  
  20  1:53  Supply Depot  
  20  1:54  SCV  
  21  2:01  Barracks Reactor  
  21  2:06  SCV  
  22  2:19  SCV  
  23  2:25  Factory  
  23  2:31  SCV  
  24  2:41  Command Center  
  24  2:44  SCV  
  25  2:47  Marine x2  
  27  2:54  Refinery  
  27  2:56  SCV  
  28  3:02  Orbital Command  
  28  3:08  SCV  
  28  3:09  Widow Mine  
  31  3:16  Starport  
  31  3:20  SCV  
  31  3:22  Marine x2  
  34  3:29  SCV  
  34  3:32  SCV  
  36  3:38  Factory Tech Lab  
  36  3:39  Bunker  
  36  3:41  SCV, Marine x2  
  36  3:45  SCV  
  40  3:54  Orbital Command  
  41  3:55  SCV  
  41  3:59  SCV, Liberator  
  41  4:00  Marine x2  
  44  4:05  Siege Tank  
  44  4:07  SCV  
  48  4:11  SCV  
  52  4:19  SCV  
  52  4:22  SCV  
  52  4:23  SCV  
  55  4:29  Marine x2  
  56  4:32  SCV  
  56  4:35  SCV x2  
  59  4:44  SCV  
  59  4:45  Barracks  
  60  4:48  Refinery x2  
  60  4:49  Barracks  
  60  4:51  SCV, Factory Reactor  
  61  4:56  Supply Depot  
  61  4:57  Supply Depot, Stimpack  
  61  5:00  Liberator  
  61  5:02  Engineering Bay  
  61  5:04  Engineering Bay, Orbital Command  
  61  5:17  SCV x2, Marine  
  67  5:25  Supply Depot  
  67  5:26  Supply Depot  
  67  5:29  SCV  
  67  5:30  SCV  
  67  5:31  Barracks  
  67  5:32  SCV, Barracks  
  70  5:39  Factory Reactor  
  70  5:42  SCV x2, Marine x4  
  75  5:45  SCV  
  75  5:47  Marauder  
  79  5:51  Supply Depot  
  79  5:52  Supply Depot  
  79  5:54  SCV, Supply Depot  
  79  5:56  SCV  
  82  5:57  SCV  
  82  5:58  Terran Infantry Weapons Level 1  
  82  6:00  Terran Infantry Armor Level 1, Marine x2  
  82  6:01  Marine  
  85  6:05  Marine  
  85  6:06  SCV  
  85  6:08  SCV  
  85  6:09  SCV  
  85  6:11  Supply Depot  
  89  6:13  Marine  
  89  6:16  Supply Depot, Refinery  
  89  6:17  Refinery  
  89  6:18  SCV  
  91  6:20  Supply Depot, SCV  
  91  6:21  Barracks Reactor, Barracks Tech Lab  
  91  6:23  SCV  
  93  6:27  Factory Reactor, Medivac  
  93  6:29  Medivac  
  93  6:30  SCV  
  93  6:32  SCV  
  99  6:35  SCV  
  99  6:37  Marine x2  
  99  6:38  Marine x2  
  104  6:42  SCV  
  104  6:44  SCV  
  104  6:45  Supply Depot  
  104  6:46  Supply Depot  
  106  6:47  SCV  
  106  6:48  Combat Shields, Marauder  
  106  6:50  Marine  
  110  6:54  SCV  
  110  6:55  Marine  
  110  6:56  Armory, SCV  
  110  6:58  Marine x2  
  115  7:09  Marine  
  115  7:10  Marauder  
  115  7:12  Supply Depot x2  
  115  7:13  Marine x2  
  120  7:16  Starport  
  120  7:17  Starport, Marine x2  
  120  7:18  Marine x2  
  120  7:19  Medivac x2  
  128  7:27  Marine  
  128  7:28  Widow Mine x2  
  133  7:30  Marine  
  133  7:35  Marine  
  133  7:36  Marine  
  136  7:41  Marine x4  
  137  7:45  Marine  
  137  7:46  Supply Depot  
  137  7:47  Supply Depot  
  137  7:48  Marine  
  137  7:49  Concussive Shells  
  139  7:51  Medivac x2  
  139  7:53  Marine  
  139  7:54  Marine  
  145  7:58  Widow Mine x2  
  145  7:59  Marauder, Marine x2  
  145  8:00  Marauder  
  145  8:03  Marine  
  145  8:04  Terran Infantry Weapons Level 2, Terran Infantry Armor Level 2  
  156  8:06  Marine  
  156  8:07  Terran Ship Weapons Level 1  
  156  8:09  Starport Reactor, Starport Tech Lab  
  156  8:11  Marine  
  158  8:18  Marine x3  
  161  8:20  Marine  
  161  8:21  Marauder  
  163  8:30  Marine x2  
  163  8:31  Medivac, Marine  
  163  8:32  Widow Mine, Medivac  
  172  8:35  Marine  
  172  8:39  Marauder  
  175  8:42  Marauder  
  177  8:49  Liberator, Marine x3  
  177  8:50  Marine, Liberator x2  
  177  8:54  Command Center  
  181  8:57  Sensor Tower  
  181  8:59  Marine x2  
  169  9:05  Marine x2  
  169  9:06  Marine  
  169  9:07  Marine  
  180  9:14  Missile Turret  
  180  9:15  Marine  
  181  9:27  Missile Turret  
  181  9:29  Missile Turret  
  181  9:38  Marine  
  181  9:39  Liberator x2  
  181  9:42  Marine  
  181  9:43  SCV x2, Marine  
  181  9:46  Liberator  
  181  9:48  Marine  
  181  9:49  Marine  
  161  9:54  Marauder, Marine x2  
  161  9:56  Marine  
  167  10:00  Marine  
  167  10:01  Marine  
  167  10:06  Marine x2  
  168  10:11  Command Center, Marine  
  168  10:12  Marauder  
  171  10:16  Marauder  
Show
View Real Time Build Order
Export as new Build Order

Bioice Zerg 

Build Orders: Hatch First, Muta Ling Bane 

Get SALT Encoding   

  12  0:01  Drone  
  13  0:08  Drone  
  14  0:17  Extractor  
  14  0:18  Drone  
  14  0:23  Drone, Extractor  
  14  0:31  Overlord  
  16  0:50  Hatchery  
  16  0:52  Drone  
  16  0:56  Drone  
  17  1:01  Drone  
  17  1:02  Extractor  
  17  1:15  Spawning Pool  
  16  1:18  Drone  
  16  1:22  Drone  
  18  1:28  Drone  
  19  1:37  Overlord  
  19  1:50  Drone  
  20  2:02  Zergling x2, Queen x2  
  20  2:03  Zergling x2  
  20  2:07  Metabolic Boost  
  26  2:11  Drone  
  26  2:14  Drone  
  28  2:20  Drone  
  29  2:26  Overlord  
  29  2:31  Drone  
  29  2:35  Drone  
  31  2:37  Queen  
  31  2:42  Overlord  
  33  2:46  Drone  
  34  2:52  Drone  
  34  2:55  Overlord  
  35  3:03  Drone  
  36  3:06  Drone  
  36  3:11  Drone  
  36  3:12  Drone x2  
  40  3:16  Drone x3  
  40  3:17  Drone  
  44  3:27  Hatchery  
  44  3:31  Extractor  
  44  3:33  Drone x3  
  45  3:35  Queen  
  45  3:39  Roach Warren  
  46  3:43  Drone  
  46  3:44  Drone x2  
  46  3:45  Drone x2  
  46  3:48  Drone  
  52  3:51  Queen  
  52  3:55  Overlord  
  54  3:58  Overlord  
  54  4:02  Overlord  
  54  4:08  Extractor  
  53  4:10  Extractor  
  53  4:16  Drone  
  53  4:17  Drone x4  
  57  4:28  Drone  
  57  4:36  Roach x4  
  65  4:39  Zergling x2  
  65  4:40  Zergling x4  
  68  4:47  Lair, Baneling Nest  
  68  4:51  Drone x6  
  68  4:52  Drone  
  74  4:54  Overlord  
  74  4:58  Drone  
  75  5:10  Ravager x4  
  75  5:11  Overlord  
  75  5:12  Drone x2  
  75  5:13  Drone  
  82  5:17  Overlord  
  82  5:22  Zergling x12  
  82  5:23  Evolution Chamber  
  82  5:24  Evolution Chamber  
  82  5:27  Overlord  
  86  5:32  Baneling x9  
  85  5:37  Drone x2  
  86  5:44  Drone  
  86  5:45  Drone x4  
  86  5:47  Extractor  
  86  5:48  Extractor  
  89  5:50  Drone  
  89  5:53  Drone x2  
  89  5:54  Zerg Melee Weapons Level 1  
  89  5:55  Zerg Ground Armor Level 1  
  92  6:00  Drone  
  92  6:01  Drone x4  
  97  6:05  Centrifical Hooks  
  97  6:07  Drone x2  
  97  6:09  Drone  
  100  6:12  Drone x3  
  103  6:22  Hatchery  
  102  6:26  Zergling x2  
  102  6:27  Zergling x10  
  108  6:33  Overlord x2  
  108  6:41  Overseer  
  108  6:45  Overlord  
  108  6:49  Spire  
  107  6:55  Overlord  
  107  6:56  Overlord  
  107  6:57  Zergling x18  
  107  6:58  Zergling x2  
  117  7:12  Overlord  
  117  7:18  Overlord x2  
  117  7:26  Baneling x4  
  117  7:27  Baneling x3  
  117  7:33  Queen  
  114  7:43  Drone x8  
  114  7:44  Drone  
  121  7:50  Baneling x6  
  121  7:58  Extractor  
  119  8:03  Zerg Ground Armor Level 2, Overlord, Zerg Melee Weapons Level 2, Extractor  
  118  8:10  Baneling x3  
  118  8:18  Queen  
  118  8:19  Mutalisk x11  
  122  8:24  Drone x3  
  122  8:25  Drone x3  
  141  8:39  Mutalisk x3  
  142  8:49  Infestation Pit, Zergling x2  
  142  8:50  Zergling x32  
  154  8:57  Hatchery  
  140  9:10  Drone x6  
  140  9:16  Overlord x4  
  145  9:18  Zergling x2  
  145  9:19  Zergling x8  
  145  9:21  Baneling x6  
  145  9:22  Baneling x3  
  145  9:23  Hatchery  
  149  9:27  Zergling x2  
  149  9:28  Zergling x4  
  152  9:33  Zergling x6  
  143  9:45  Zergling x2  
  143  9:46  Baneling, Zergling x2  
  143  9:47  Baneling x12  
  132  9:56  Zergling x2  
  132  9:57  Zergling x20  
  132  9:59  Zergling x2  
  132  10:03  Zergling x2  
  115  10:08  Baneling x7  
  115  10:11  Mutalisk x2  
  117  10:16  Baneling x8  
  117  10:17  Baneling x3  
Tags
 
Add a new tag
Caveats
  • Supply blocks, unpowered buildings, or Contaminate may cause inaccurate times.
  • Supply counts are checked every 10 seconds.